 Dungeon Crawl Stone Soup version 0.30-a0-137-gd8773701ce (webtiles) character file.

Game seed: 14729321664234875248

244 LnG the Sneak (level 6, -4/49 HPs)
             Began as a Kobold Summoner on Sept 22, 2022.
             Slain by Edmund
             ... wielding a +0 flail of protection
              (8 damage)
             ... on level 5 of the Dungeon.
             The game lasted 00:13:49 (3812 turns).

LnG the Sneak (Kobold Summoner)                     Turns: 3812, Time: 00:13:49

Health: -4/49      AC: 23    Str:  5    XL:     6   Next: 32%
Magic:  4/10       EV:  3    Int: 18    God:
Gold:   131        SH:  0    Dex: 16    Spells: 2/11 levels left

rFire   . . .      SeeInvis .    c - +0 dagger
rCold   . . .      Faith    .    (no shield)
rNeg    . . .      Spirit   .    (body armour currently unavailable)
rPois   +          Reflect  .    (helmet currently unavailable)
rElec   .          Harm     .    (cloak currently unavailable)
rCorr   +          Rampage  .    (gloves currently unavailable)
Will    .....      NoTele   +    (boots currently unavailable)
Stlth   ++++......               (no amulet)
HPRegen 0.16/turn                v - ring of resist corrosion
MPRegen 0.12/turn                (no ring)

@: mighty, tree-form
A: stationary, stasis, torment immunity, boosted hp, small, no large weapons,
nightstalker 3
a: no special abilities


You were on level 5 of the Dungeon.
You were a tree.
You visited 1 branch of the dungeon, and saw 5 of its levels.

You collected 131 gold pieces.

Inventory:

Hand Weapons
 c - a +0 dagger (weapon)
Armour
 a - a +0 robe (melded)
 l - a +0 cloak (melded)
 u - a +0 pair of gloves (melded)
Jewellery
 v - a ring of resist corrosion (left branch)
Wands
 p - a wand of flame (20)
Scrolls
 d - 3 scrolls of enchant weapon {unknown}
 g - 5 scrolls of identify {unknown}
 j - a scroll of vulnerability {unknown}
 k - a scroll of immolation {unknown}
 o - a scroll of torment {unknown}
 q - a scroll of enchant armour {unknown}
 r - a scroll of poison {unknown}
Potions
 b - a potion of magic
 e - a potion of might
 f - a potion of berserk rage {unknown}
 h - a potion of haste {unknown}
 i - a potion of lignification
 m - 2 potions of curing {unknown}
 n - a potion of flight {unknown}
 s - a potion of attraction {unknown}
 t - a potion of heal wounds {unknown}


   Skills:
 + Level 0.3 Fighting
 + Level 2.1 Short Blades
 + Level 3.2 Dodging
 + Level 5.6 Stealth
 + Level 3.3 Spellcasting
 + Level 5.0 Summonings


You had 2 spell levels left.
You knew the following spells:

 Your Spells              Type           Power      Damage    Failure   Level
a - Summon Small Mammal   Summ           84%        N/A       1%          1
b - Call Imp              Summ           21%        N/A       3%          2
c - Call Canine Familiar  Summ           21%        N/A       6%          3
d - Summon Guardian Gole  Hex/Summ       12%        N/A       17%         3

Your spell library contained the following spells:

 Spells                   Type           Power      Damage    Failure   Level
 Beastly Appendage        Tmut           4%         N/A       16%         1
 Magic Dart               Conj           8%         1d3       16%         1
 Wereblood                Tmut           2%         N/A       24%         2
 Dazzling Flash           Conj/Hex       4%         N/A       43%         3
 Frozen Ramparts          Ice            4%         1d1       43%         3
 Mephitic Cloud           Conj/Pois/Air  2%         N/A       43%         3
 Spider Form              Tmut/Pois      2%         N/A       43%         3
 Summon Ice Beast         Ice/Summ       12%        N/A       50%         4
 Summon Lightning Spire   Summ/Air       12%        N/A       50%         4
 Ice Form                 Ice/Tmut       2%         N/A       85%         4
 Agony                    Necr           2%         N/A       99%         5
 Silence                  Hex/Air        1%         N/A       99%         5


Dungeon Overview and Level Annotations

Branches:
Dungeon (5/15)
 Temple: D:4-7

Altars:

Shops:
D:4 ((

Annotations:
D:5 Edmund


Innate Abilities, Weirdness & Mutations

You are a tree.
Your roots penetrate the ground, keeping you stationary.
You cannot be teleported.
You are immune to unholy pain and torment.
Your maximum health is greatly increased.
Your equipment is partially melded.
You are small and have problems with some larger weapons.
You are completely attuned to the shadows.


Message History

Your hound bites Edmund but does no damage.
Edmund hits you with a +0 flail of protection!
You barely miss Edmund.
Edmund is moderately wounded.
Your hound bites Edmund but does no damage. x2
Edmund closely misses you.
You hit Edmund but do no damage.
Edmund is moderately wounded.
Your white imp closely misses Edmund.
Your hound closely misses Edmund.
You hit Edmund but do no damage.
Edmund is moderately wounded.
Edmund hits you with a +0 flail of protection.
Your white imp hits Edmund.
Your white imp freezes Edmund.
Your hound bites Edmund but does no damage.
You catch the helpless Edmund completely off-guard!
You puncture Edmund!
Edmund is almost dead.
Your hound misses Edmund.
Edmund hits you with a +0 flail of protection!
* * * LOW HITPOINT WARNING * * *
Your white imp hits Edmund but does no damage.
Your hound bites Edmund.
It was a potion of might.
You feel very mighty all of a sudden. Edmund closely misses you.
Your white imp hits Edmund but does no damage.
Your hound bites Edmund but does no damage.
It was a potion of lignification.
You turn into a tree.
Your +0 cloak melds into your body.
Your +0 pair of gloves melds into your body.
Your +0 robe melds into your body.
Your roots penetrate the ground.
Your hound bites Edmund but does no damage.
Edmund barely misses your hound.
Your white imp gestures at Edmund.
The puff of frost misses Edmund.
Your hound bites Edmund.
Your magical contamination has completely faded away.
You barely miss Edmund.
Edmund is almost dead.
Edmund hits you with a +0 flail of protection!
You die...

#$### #...
####..# ..5@h.#
#♣# #.# #
###.#### #.#.#
#....[.####.#.#
#.........)..#..
#........)....#
......##..#.#.#
#.............#
##.#..#.#.#.#
.........#


You could see Edmund (ally target), a friendly hound (summoned) and a friendly
white imp (summoned).

Vanquished Creatures
  3 adders
  A dart slug (D:1)
  4 orcs
  6 endoplasms
  6 giant cockroaches
  6 goblins
  4 hobgoblins
  2 jackals
  3 quokkas
  2 ball pythons
  2 bats
  7 frilled lizards
  8 kobolds
  2 rats
56 creatures vanquished.

Vanquished Creatures (collateral kills)
  An ogre (D:4)
  A hound (D:4)
  A nameless horror (D:5)
  A dart slug (D:4)
  2 orcs
  4 ball pythons
  3 endoplasms
  4 goblins
  2 hobgoblins
  3 jackals (D:4)
  4 kobolds
  A quokka (D:3)
  3 bats
  2 frilled lizards (D:1)
32 creatures vanquished.

Grand Total: 88 creatures vanquished

Notes
Turn   | Place    | Note
-------+----------+-------------------------------------------
     0 | D:1      | LnG the Kobold Summoner began the quest for the Orb.
     0 | D:1      | Reached XP level 1. HP: 10/10 MP: 3/3
   229 | D:1      | Reached XP level 2. HP: 15/15 MP: 5/5
   232 | D:1      | Learned a level 2 spell: Call Imp
   582 | D:1      | Reached XP level 3. HP: 13/19 MP: 3/6
   586 | D:1      | Learned a level 3 spell: Call Canine Familiar
  1682 | D:2      | Reached skill level 1 in Short Blades
  1986 | D:2      | Reached XP level 4. HP: 23/24 MP: 5/8
  3004 | D:4      | Found Girghit's Weapon Boutique.
  3035 | D:4      | Noticed an ogre
  3039 | D:4      | Killed an ogre
  3040 | D:4      | Reached skill level 5 in Stealth
  3040 | D:4      | Reached XP level 5. HP: 28/28 MP: 6/9
  3044 | D:4      | Learned a level 3 spell: Summon Guardian Golem
  3118 | D:4      | Reached XP level 6. HP: 28/33 MP: 6/10
  3166 | D:4      | Found Caiteirch's Antique Weapon Shoppe.
  3272 | D:4      | Reached skill level 5 in Summonings
  3728 | D:5      | Entered Level 5 of the Dungeon
  3794 | D:5      | Noticed Edmund
  3812 | D:5      | Slain by Edmund

Illustrated notes

Levels and vault maps discovered:
D:1:      sevenhm_arrival_forest_fort_small_6, layout_loops_cross
D:2:      layout_basic, kennysheep_another_room
D:3:      minmay_diamond_boxcup, layout_loops_ring
D:4:      layout_cave_pools, serial_shops, shop, shop
D:5:      cheibrodos_thug_alley, layout_loops_ring, uniq_edmund, uniq_pikel

Skill      XL: |  1  2  3  4  5  6 |
---------------+-------------------+-----
Stealth        | 3 5 |  5.6
Short Blades   | 1 2 |  2.1
Dodging        | 3 |  3.2
Spellcasting   | 3 |  3.3
Summonings     | 5 |  5.0
Fighting       | |  0.3

Action                   |  1- 3 |  4- 6 || total
-------------------------+-------+-------++-------
Melee: Unarmed           |     5 |       ||     5
       Dagger            |    74 |   110 ||   184
       Punch             |     1 |       ||     1
 Cast: Summon Small Mamm |     7 |     7 ||    14
       Call Imp          |    12 |     7 ||    19
       Call Canine Famil |       |     5 ||     5
  Use: Potion            |       |     2 ||     2
 Stab: Sleeping          |    20 |    16 ||    36
       Distracted        |       |     6 ||     6
Armor: Robe              |     6 |    22 ||    28
Dodge: Dodged            |    40 |    81 ||   121

Table legend: (Time is in decaauts)
 A = Elapsed time spent in this place.
 B = Non-inter-level travel time spent in this place.
 C = Inter-level travel time spent in this place.
 D = Time resting spent in this place.
 E = Time spent auto-exploring this place.
 F = Levels seen in this place.
 G = Mean time per level.
                   A        B        C        D        E       F      G
               +--------+--------+--------+--------+--------+-----+--------+
         Total |   3799 |   3710 |     89 |    696 |   2292 |   5 |  759.8 |
       Dungeon |   3799 |   3710 |     89 |    696 |   2292 |   5 |  759.8 |
               +--------+--------+--------+--------+--------+-----+--------+

Top non-repeatable levels by time:
     D:1: 1374 daAuts
     D:2: 874 daAuts
     D:3: 751 daAuts
     D:4: 717 daAuts
     D:5: 81 daAuts
